Kings vs Sharks

Created - October 24, 2016 at 18:12

Goals
1 2 3 T
Kings 2 1 1 4
Sharks 0 0 1 1
Shots
1 2 3 T
Kings 13 10 11 34
Sharks 11 9 12 32

1st period

1. Kings , Matt Niskanen 2 (Mikael Granlund, Scott Hartnell) at 7:42
2. Kings , Fedor Tyutin 1 (Mikael Granlund, Scott Hartnell) at 10:46

Penalties :
Brenden Dillon (SJS) for Tripping (Minor) at 0:23, Charlie Coyle (SJS) for Cross-checking (Minor) at 2:23, Matt Niskanen (LOS) for Roughing (Minor) at 5:22, Dan Hamhuis (LOS) for Elbowing (Minor) at 8:20, Victor Rask (LOS) for Hooking (Minor) at 13:15, Mikael Granlund (LOS) for Roughing (Minor) at 18:00

2nd period

3. Kings , Mikael Granlund 4 (Niklas Kronwall, Chris Kunitz) at 19:29

Penalties :
Jonathan Toews (LOS) for Tripping (Minor) at 6:27, Nikolay Kulemin (SJS) for Hooking (Minor) at 15:05

3rd period

4. Sharks , Sam Reinhart 4 (Brenden Dillon, Andrej Sustr) at 3:56 (PP)
5. Kings , Alexei Emelin 1 (Matt Niskanen, J.T. Brown) at 10:44

Penalties :
J.T. Brown (LOS) for Hooking (Minor) at 2:43, Eric Staal (LOS) for Holding (Minor) at 5:52

Goalie Stats

Steve Mason (LOS), 31 saves from 32 shots - (0.969), W, 4-1-2, 60:00 minutes
Ryan Miller (SJS), 30 saves from 34 shots - (0.882), L, 1-4-0, 60:00 minutes

Players Stats for Kings

Player Name              G  A  P  +/- PIM S  H  SB GA TA FO     MP     PP MP  PK MP  
------------------------------------------------------------------------------------
Alexei Emelin            1  0  1   2  0   1  2  3  0  0  0/0    19:43   0:00   5:33 
Chris Kunitz             0  1  1   3  0   4  2  0  0  0  0/0    12:47   0:00   0:05 
Colton Sceviour          0  0  0   1  0   2  2  0  0  0  2/2    15:21   3:19   4:18 
Dan Hamhuis              0  0  0   1  2   1  1  1  0  0  0/0    23:22   2:48   6:13 
Daniel Sedin             0  0  0   0  0   3  0  0  0  0  1/1    15:17   0:00   0:00 
Derek MacKenzie          0  0  0   0  0   1  2  0  0  0  6/16   12:05   2:38   4:14 
Eric Staal               0  0  0   1  2   5  1  0  0  0  9/14   14:16   3:19   3:14 
Evgeny Medvedev          0  0  0   1  0   0  1  0  0  0  0/0    14:02   0:00   1:38 
Fedor Tyutin             1  0  1   1  0   1  5  2  0  0  0/0    12:24   0:00   0:00 
J.T. Brown               0  1  1   1  2   3  1  0  0  0  2/3    17:45   2:38   7:24 
Jonathan Toews           0  0  0   0  2   5  2  0  0  0  16/21  15:16   0:00   0:00 
Matt Niskanen            1  1  2   2  2   2  2  1  0  0  0/0    24:48   3:09   6:37 
Mikael Granlund          1  2  3   3  2   4  0  0  0  0  10/15  16:00   3:19   0:00 
Nikita Soshnikov         0  0  0   0  0   0  2  0  0  0  0/2     5:13   0:00   0:00 
Niklas Kronwall          0  1  1   1  0   0  1  4  0  0  0/0    22:51   3:09   6:13 
Oscar Lindberg           0  0  0   0  0   0  0  0  0  0  0/1     5:20   0:00   0:00 
Scott Hartnell           0  2  2   3  0   0  0  0  0  0  0/2    15:20   2:38   0:00 
Victor Rask              0  0  0   0  2   2  0  2  0  0  5/11   24:56   2:48   6:59 

Players Stats for Sharks

Player Name              G  A  P  +/- PIM S  H  SB GA TA FO     MP     PP MP  PK MP  
------------------------------------------------------------------------------------
Andrej Sustr             0  1  1   0  0   1  0  2  0  0  0/0    21:43   5:02   2:39 
Andrew Shaw              0  0  0  -3  0   3  2  0  0  0  4/14   22:25   5:54   3:09 
Brenden Dillon           0  1  1   0  2   0  4  0  0  0  0/0    20:53   5:02   1:50 
Charlie Coyle            0  0  0  -1  2   1  0  0  0  0  2/4     4:01   0:00   0:00 
Darren Dietz             0  0  0  -3  0   0  0  0  0  0  0/0    13:13   0:00   0:13 
Dave Bolland             0  0  0  -1  0   0  0  0  0  0  0/1     4:48   0:00   0:46 
David Savard             0  0  0  -1  0   0  2  2  0  0  0/0    25:25   8:05   3:26 
Gabriel Bourque          0  0  0   0  0   3  2  1  0  0  2/2    16:25   5:54   0:57 
Henrik Zetterberg        0  0  0  -1  0   2  3  1  0  0  0/1    25:13   7:13   0:00 
Justin Falk              0  0  0   0  0   0  0  0  0  0  0/0     0:25   0:00   0:25 
Marc Staal               0  0  0  -1  0   2  1  0  0  0  0/0    25:20   8:05   3:21 
Mattias Janmark          0  0  0   0  0   1  0  0  0  0  7/19   13:58   0:00   0:00 
Nick Bjugstad            0  0  0  -3  0   3  0  1  0  0  5/15   16:37   0:00   3:15 
Nikolay Kulemin          0  0  0   0  2   2  1  0  0  0  2/3    23:12   7:13   2:02 
Robert Bortuzzo          0  0  0  -3  0   0  4  2  0  0  0/0    13:00   0:00   0:00 
Ryan Nugent-Hopkins      0  0  0   0  0   4  0  0  0  0  15/26  18:32   7:13   1:45 
Sam Reinhart             1  0  1  -3  0   8  0  0  0  0  0/2    19:16   5:54   0:00 
William Nylander         0  0  0   0  0   2  0  0  0  0  0/1     9:34   0:00   0:00 

3 Stars

1 - Mikael Granlund (LOS)
2 - Steve Mason (LOS)
3 - Fedor Tyutin (LOS)

Power Play

Kings - 0 on 3 Attempt(s) - 0.00%
Sharks - 1 on 7 Attempt(s) - 14.29%

Penalty Kill

Kings - 6 on 7 Attempt(s) - 85.71% - Score 0 goal in Penalty Kill
Sharks - 3 on 3 Attempt(s) - 100.00% - Score 0 goal in Penalty Kill

Team Stat

Kings - Hits : 24 - Faceoff Wins : 51 - Blocked Shots : 13 - Penalty Minutes : 14
Sharks - Hits : 19 - Faceoff Wins : 37 - Blocked Shots : 9 - Penalty Minutes : 6

Official

Referees : Dan O'Halloran and Jon Mclsaac
Linesman : John Grandt and Thor Nelson

Game Notes

No Game Note

Finance

Level 1 -- Attendance: 6500 (100.00%) -- Ticket Income $650,000
Level 2 -- Attendance: 4727 (94.54%) -- Ticket Income $283,620
Level 3 -- Attendance: 3500 (100.00%) -- Ticket Income $122,500
Level 4 -- Attendance: 1562 (100.00%) -- Ticket Income $31,240
Luxury Box -- Attendance: 867 (86.70%) -- Ticket Income $173,400
Game was played at the SAP center.
Total Attendance: 17156 (97.69%)
Total Ticket Income: $1,260,760
Other Income: $189,114
Total Income: $1,449,874

% Time on Ice - Kings

Lines # - Real PCT - Wanted PCT - Time Play
Normal Forward
1 - 37% - 40% - 15:17
2 - 31% - 30% - 12:42
3 - 19% - 20% - 7:44
4 - 13% - 10% - 5:13
Normal Defense
1 - 33% - 40% - 13:29
2 - 35% - 30% - 14:10
3 - 30% - 20% - 12:24
4 - 2% - 10% - 0:53
PP Forward
1 - 44% - 60% - 2:38
2 - 56% - 40% - 3:19
PP Defense
1 - 53% - 60% - 3:09
2 - 47% - 40% - 2:48
PK Forward
1 - 68% - 60% - 8:53
2 - 32% - 40% - 4:14
PK Defense
1 - 64% - 60% - 8:21
2 - 36% - 40% - 4:46
PK3 Forward
1 - 0% - 60%
2 - 0% - 40%
PK3 Defense
1 - 0% - 60%
2 - 0% - 40%
44 Forward
1 - 0% - 60%
2 - 0% - 40%
44 Defense
1 - 0% - 60%
2 - 0% - 40%
Last Minute Offensive  - 0:00
Last Minute Defensive  - 0:00
Total
Forward - 60:00
Defense - 60:00

% Time on Ice - Sharks

Lines # - Real PCT - Wanted PCT - Time Play
Normal Forward
1 - 34% - 40% - 13:58
2 - 33% - 30% - 13:22
3 - 23% - 20% - 9:34
4 - 10% - 10% - 4:02
Normal Defense
1 - 34% - 40% - 13:54
2 - 34% - 30% - 14:02
3 - 32% - 20% - 13:00
4 - 0% - 10% - 0:00
PP Forward
1 - 55% - 60% - 7:13
2 - 45% - 40% - 5:54
PP Defense
1 - 62% - 60% - 8:05
2 - 38% - 40% - 5:02
PK Forward
1 - 71% - 60% - 4:12
2 - 29% - 40% - 1:45
PK Defense
1 - 48% - 60% - 2:53
2 - 52% - 40% - 3:04
PK3 Forward
1 - 0% - 60%
2 - 0% - 40%
PK3 Defense
1 - 0% - 60%
2 - 0% - 40%
44 Forward
1 - 0% - 60%
2 - 0% - 40%
44 Defense
1 - 0% - 60%
2 - 0% - 40%
Last Minute Offensive  - 0:00
Last Minute Defensive  - 0:00
Total
Forward - 60:00
Defense - 60:00

Play by Play

1st period


0:01 of 1st period - Jonathan Toews wins face-off versus Mattias Janmark in neutral zone.
0:04 of 1st period - Shot by Victor Rask.
0:04 of 1st period - Stopped by Ryan Miller without a rebound.
0:05 of 1st period - Nick Bjugstad wins face-off versus Mikael Granlund in Sharks zone.
0:23 of 1st period - Minor Penalty to Brenden Dillon for Tripping.
0:24 of 1st period - Nikolay Kulemin wins face-off versus Derek MacKenzie in Sharks zone.
0:24 of 1st period - Nikolay Kulemin is hit by Derek MacKenzie.
0:40 of 1st period - Shot by Andrew Shaw.
0:40 of 1st period - Deflect By Ryan Nugent-Hopkins.
0:40 of 1st period - Stopped by Steve Mason without a rebound.
0:41 of 1st period - Eric Staal wins face-off versus Nikolay Kulemin in Kings zone.
1:04 of 1st period - Shot by Victor Rask.
1:04 of 1st period - Shot Misses the Net.
2:23 of 1st period - Minor Penalty to Charlie Coyle for Cross-checking.
2:24 of 1st period - Ryan Nugent-Hopkins wins face-off versus Derek MacKenzie in Sharks zone.
2:36 of 1st period - Shot by Niklas Kronwall.
2:36 of 1st period - Shot Misses the Net.
2:38 of 1st period - Shot by Matt Niskanen.
2:38 of 1st period - Stopped by Ryan Miller without a rebound.
2:39 of 1st period - Nikolay Kulemin wins face-off versus Scott Hartnell in Sharks zone.
2:54 of 1st period - Shot by Matt Niskanen.
2:54 of 1st period - Deflect By J.T. Brown.
2:54 of 1st period - Stopped by Ryan Miller without a rebound.
2:55 of 1st period - Mikael Granlund wins face-off versus Andrew Shaw in Sharks zone.
3:00 of 1st period - Shot by Mikael Granlund.
3:00 of 1st period - Shot Misses the Net.
3:02 of 1st period - Shot by Victor Rask.
3:02 of 1st period - Shot Misses the Net.
3:04 of 1st period - Shot by Eric Staal.
3:04 of 1st period - Stopped by Ryan Miller with a rebound.
3:06 of 1st period - Shot by Colton Sceviour.
3:06 of 1st period - Shot Misses the Net.
3:08 of 1st period - Shot by Dan Hamhuis.
3:08 of 1st period - Stopped by Ryan Miller with a rebound.
4:29 of 1st period - Shot by Andrew Shaw.
4:29 of 1st period - Stopped by Steve Mason without a rebound.
4:30 of 1st period - Charlie Coyle wins face-off versus Jonathan Toews in Kings zone.
4:30 of 1st period - Henrik Zetterberg is hit by Fedor Tyutin and loses puck.
4:41 of 1st period - Shot by Henrik Zetterberg.
4:41 of 1st period - Stopped by Steve Mason without a rebound.
4:42 of 1st period - Ryan Nugent-Hopkins wins face-off versus Derek MacKenzie in Kings zone.
4:43 of 1st period - Shot by William Nylander.
4:43 of 1st period - Shot Misses the Net.
4:46 of 1st period - Icing by Matt Niskanen.
4:47 of 1st period - Mattias Janmark wins face-off versus Nikita Soshnikov in Kings zone.
4:48 of 1st period - Shot by Nikolay Kulemin.
4:48 of 1st period - Shot Misses the Net.
4:50 of 1st period - Shot by Henrik Zetterberg.
4:50 of 1st period - Shot Misses the Net.
4:52 of 1st period - Shot by Nikolay Kulemin.
4:52 of 1st period - Shot Misses the Net.
5:16 of 1st period - Alexei Emelin is hit by Henrik Zetterberg and loses puck.
5:22 of 1st period - Minor Penalty to Matt Niskanen for Roughing.
5:23 of 1st period - Andrew Shaw wins face-off versus Victor Rask in Kings zone.
5:26 of 1st period - Shot by Sam Reinhart.
5:26 of 1st period - Stopped by Steve Mason without a rebound.
5:27 of 1st period - Andrew Shaw wins face-off versus J.T. Brown in Kings zone.
5:27 of 1st period - Andrew Shaw is hit by Dan Hamhuis.
5:55 of 1st period - Shot by Gabriel Bourque.
5:55 of 1st period - Shot Blocked by Victor Rask.
5:57 of 1st period - Shot by Sam Reinhart.
5:57 of 1st period - Deflect By Andrew Shaw.
5:57 of 1st period - Shot Misses the Net.
5:59 of 1st period - Shot by Marc Staal.
5:59 of 1st period - Shot Blocked by Niklas Kronwall.
6:07 of 1st period - Shot by Marc Staal.
6:07 of 1st period - Shot Misses the Net.
6:09 of 1st period - Shot by Gabriel Bourque.
6:09 of 1st period - Shot Misses the Net.
6:48 of 1st period - Shot by Ryan Nugent-Hopkins.
6:48 of 1st period - Shot Misses the Net.
6:50 of 1st period - Shot by Nikolay Kulemin.
6:50 of 1st period - Stopped by Steve Mason without a rebound.
6:51 of 1st period - Derek MacKenzie wins face-off versus Andrew Shaw in Kings zone.
7:24 of 1st period - Shot by Robert Bortuzzo.
7:24 of 1st period - Deflect By Charlie Coyle.
7:24 of 1st period - Shot Misses the Net.
7:40 of 1st period - Shot by Mikael Granlund.
7:40 of 1st period - Stopped by Ryan Miller with a rebound.
7:42 of 1st period - Shot by Matt Niskanen.
7:42 of 1st period - Goal by Matt Niskanen - Kings : 1 - Sharks : 0.
7:43 of 1st period - Mattias Janmark wins face-off versus Derek MacKenzie in neutral zone.
7:59 of 1st period - Henrik Zetterberg is hit by Evgeny Medvedev and loses puck.
8:08 of 1st period - Shot by Mattias Janmark.
8:08 of 1st period - Deflect By Nikolay Kulemin.
8:08 of 1st period - Stopped by Steve Mason without a rebound.
8:09 of 1st period - Mikael Granlund wins face-off versus Ryan Nugent-Hopkins in Kings zone.
8:20 of 1st period - Minor Penalty to Dan Hamhuis for Elbowing.
8:21 of 1st period - Victor Rask wins face-off versus Ryan Nugent-Hopkins in Kings zone.
8:42 of 1st period - Marc Staal is hit by J.T. Brown and loses puck.
8:53 of 1st period - Shot by Matt Niskanen.
8:53 of 1st period - Shot Blocked by Henrik Zetterberg.
8:55 of 1st period - Shot by J.T. Brown.
8:55 of 1st period - Shot Misses the Net.
8:57 of 1st period - Shot by J.T. Brown.
8:57 of 1st period - Stopped by Ryan Miller without a rebound.
8:58 of 1st period - Gabriel Bourque wins face-off versus Derek MacKenzie in Sharks zone.
8:58 of 1st period - Gabriel Bourque is hit by Derek MacKenzie.
9:17 of 1st period - Shot by Brenden Dillon.
9:17 of 1st period - Shot Blocked by Matt Niskanen.
9:22 of 1st period - Sam Reinhart is hit by Matt Niskanen and loses puck.
9:36 of 1st period - Off-side.
9:37 of 1st period - Ryan Nugent-Hopkins wins face-off versus Victor Rask in neutral zone.
10:12 of 1st period - Shot by Marc Staal.
10:12 of 1st period - Shot Blocked by Alexei Emelin.
10:14 of 1st period - Shot by Marc Staal.
10:14 of 1st period - Stopped by Steve Mason with a rebound.
10:16 of 1st period - Shot by Marc Staal.
10:16 of 1st period - Shot Misses the Net.
10:44 of 1st period - Shot by Scott Hartnell.
10:44 of 1st period - Deflect By Mikael Granlund.
10:44 of 1st period - Shot Blocked by Robert Bortuzzo.
10:46 of 1st period - Shot by Fedor Tyutin.
10:46 of 1st period - Goal by Fedor Tyutin - Kings : 2 - Sharks : 0.
10:47 of 1st period - Jonathan Toews wins face-off versus Ryan Nugent-Hopkins in neutral zone.
10:47 of 1st period - Daniel Sedin is hit by Gabriel Bourque and loses puck.
10:55 of 1st period - Jonathan Toews is hit by Brenden Dillon and loses puck.
11:02 of 1st period - Shot by Daniel Sedin.
11:02 of 1st period - Stopped by Ryan Miller without a rebound.
11:03 of 1st period - Eric Staal wins face-off versus Nick Bjugstad in Sharks zone.
11:35 of 1st period - Shot by Nick Bjugstad.
11:35 of 1st period - Stopped by Steve Mason without a rebound.
11:36 of 1st period - Jonathan Toews wins face-off versus Mattias Janmark in Kings zone.
12:04 of 1st period - Shot by Daniel Sedin.
12:04 of 1st period - Stopped by Ryan Miller without a rebound.
12:05 of 1st period - Gabriel Bourque wins face-off versus Mikael Granlund in Sharks zone.
12:19 of 1st period - Icing by Chris Kunitz.
12:20 of 1st period - Mikael Granlund wins face-off versus Nick Bjugstad in Kings zone.
12:27 of 1st period - Shot by Mikael Granlund.
12:27 of 1st period - Stopped by Ryan Miller with a rebound.
12:31 of 1st period - Shot by Chris Kunitz.
12:31 of 1st period - Stopped by Ryan Miller with a rebound.
13:15 of 1st period - Minor Penalty to Victor Rask for Hooking.
13:16 of 1st period - Ryan Nugent-Hopkins wins face-off versus Eric Staal in Kings zone.
13:20 of 1st period - Henrik Zetterberg is hit by Alexei Emelin and loses puck.
13:38 of 1st period - Shot by Nikolay Kulemin.
13:38 of 1st period - Shot Misses the Net.
14:09 of 1st period - Icing by Nikolay Kulemin.
14:10 of 1st period - Eric Staal wins face-off versus Ryan Nugent-Hopkins in Sharks zone.
14:52 of 1st period - Alexei Emelin is hit by Brenden Dillon and loses puck.
15:05 of 1st period - Shot by Andrew Shaw.
15:05 of 1st period - Shot Blocked by Alexei Emelin.
15:07 of 1st period - Shot by Sam Reinhart.
15:07 of 1st period - Shot Misses the Net.
15:09 of 1st period - Shot by Sam Reinhart.
15:09 of 1st period - Stopped by Steve Mason without a rebound.
15:10 of 1st period - Colton Sceviour wins face-off versus Andrew Shaw in Kings zone.
16:11 of 1st period - Shot by Sam Reinhart.
16:11 of 1st period - Shot Blocked by Fedor Tyutin.
16:23 of 1st period - Shot by Sam Reinhart.
16:23 of 1st period - Shot Blocked by Fedor Tyutin.
17:07 of 1st period - Shot by Gabriel Bourque.
17:07 of 1st period - Stopped by Steve Mason without a rebound.
17:08 of 1st period - Eric Staal wins face-off versus Mattias Janmark in Kings zone.
17:12 of 1st period - J.T. Brown is hit by Robert Bortuzzo and loses puck.
17:44 of 1st period - Colton Sceviour is hit by Robert Bortuzzo and loses puck.
17:50 of 1st period - J.T. Brown is hit by Robert Bortuzzo and loses puck.
18:00 of 1st period - Minor Penalty to Mikael Granlund for Roughing.
18:01 of 1st period - Victor Rask wins face-off versus Andrew Shaw in Kings zone.
18:14 of 1st period - Shot by Andrew Shaw.
18:14 of 1st period - Shot Blocked by Niklas Kronwall.
18:16 of 1st period - Shot by Gabriel Bourque.
18:16 of 1st period - Stopped by Steve Mason without a rebound.
18:17 of 1st period - Derek MacKenzie wins face-off versus Andrew Shaw in Kings zone.
19:16 of 1st period - Icing by Henrik Zetterberg.
19:17 of 1st period - Ryan Nugent-Hopkins wins face-off versus Derek MacKenzie in Sharks zone.
19:47 of 1st period - Ryan Nugent-Hopkins is hit by Matt Niskanen and loses puck.
Goals for this period are 2 for Kings vs 0 for Sharks.
Shots for this period are 13 for Kings vs 11 for Sharks.

2nd period


0:01 of 2nd period - Jonathan Toews wins face-off versus Mattias Janmark in neutral zone.
0:50 of 2nd period - Icing by Dan Hamhuis.
0:51 of 2nd period - Nick Bjugstad wins face-off versus Jonathan Toews in Kings zone.
1:08 of 2nd period - Shot by Sam Reinhart.
1:08 of 2nd period - Stopped by Steve Mason with a rebound.
1:10 of 2nd period - Shot by Andrej Sustr.
1:10 of 2nd period - Shot Blocked by Niklas Kronwall.
1:12 of 2nd period - Shot by Nick Bjugstad.
1:12 of 2nd period - Stopped by Steve Mason without a rebound.
1:13 of 2nd period - Mikael Granlund wins face-off versus Ryan Nugent-Hopkins in Kings zone.
1:40 of 2nd period - Shot by Ryan Nugent-Hopkins.
1:40 of 2nd period - Stopped by Steve Mason without a rebound.
1:41 of 2nd period - Eric Staal wins face-off versus Mattias Janmark in Kings zone.
2:00 of 2nd period - Shot by Eric Staal.
2:00 of 2nd period - Stopped by Ryan Miller without a rebound.
2:01 of 2nd period - Mikael Granlund wins face-off versus Andrew Shaw in Sharks zone.
2:14 of 2nd period - Shot by Mikael Granlund.
2:14 of 2nd period - Stopped by Ryan Miller with a rebound.
3:02 of 2nd period - Marc Staal is hit by Chris Kunitz and loses puck.
3:07 of 2nd period - Shot by Marc Staal.
3:07 of 2nd period - Shot Misses the Net.
3:09 of 2nd period - Shot by Mattias Janmark.
3:09 of 2nd period - Stopped by Steve Mason with a rebound.
3:11 of 2nd period - Shot by Mattias Janmark.
3:11 of 2nd period - Shot Blocked by Alexei Emelin.
3:44 of 2nd period - Icing by Marc Staal.
3:45 of 2nd period - Daniel Sedin wins face-off versus Mattias Janmark in Sharks zone.
4:43 of 2nd period - Icing by Eric Staal.
4:44 of 2nd period - J.T. Brown wins face-off versus Nick Bjugstad in Kings zone.
4:46 of 2nd period - Icing by Colton Sceviour.
4:47 of 2nd period - Eric Staal wins face-off versus Sam Reinhart in Kings zone.
4:47 of 2nd period - Eric Staal is hit by Andrew Shaw.
5:13 of 2nd period - Shot by Andrej Sustr.
5:13 of 2nd period - Stopped by Steve Mason without a rebound.
5:14 of 2nd period - Jonathan Toews wins face-off versus Ryan Nugent-Hopkins in Kings zone.
5:21 of 2nd period - Shot by Jonathan Toews.
5:21 of 2nd period - Stopped by Ryan Miller without a rebound.
5:22 of 2nd period - Jonathan Toews wins face-off versus Mattias Janmark in Sharks zone.
5:28 of 2nd period - Nikolay Kulemin is hit by Jonathan Toews.
5:35 of 2nd period - Henrik Zetterberg is hit by Niklas Kronwall and loses puck.
5:39 of 2nd period - Icing by Jonathan Toews.
5:40 of 2nd period - Jonathan Toews wins face-off versus Nick Bjugstad in Kings zone.
5:40 of 2nd period - Jonathan Toews is hit by Andrew Shaw.
6:00 of 2nd period - Shot by Victor Rask.
6:00 of 2nd period - Shot Blocked by Andrej Sustr.
6:27 of 2nd period - Minor Penalty to Jonathan Toews for Tripping.
6:28 of 2nd period - Ryan Nugent-Hopkins wins face-off versus Eric Staal in Kings zone.
7:27 of 2nd period - Shot by Sam Reinhart.
7:27 of 2nd period - Stopped by Steve Mason without a rebound.
7:28 of 2nd period - Andrew Shaw wins face-off versus Derek MacKenzie in Kings zone.
7:43 of 2nd period - Shot by Andrew Shaw.
7:43 of 2nd period - Stopped by Steve Mason without a rebound.
7:44 of 2nd period - Derek MacKenzie wins face-off versus Ryan Nugent-Hopkins in Kings zone.
7:54 of 2nd period - Off-side.
7:55 of 2nd period - Andrew Shaw wins face-off versus Victor Rask in neutral zone.
8:07 of 2nd period - Shot by Sam Reinhart.
8:07 of 2nd period - Shot Misses the Net.
8:11 of 2nd period - Shot by Andrew Shaw.
8:11 of 2nd period - Shot Blocked by Victor Rask.
8:32 of 2nd period - Henrik Zetterberg is hit by Fedor Tyutin and loses puck.
8:56 of 2nd period - Henrik Zetterberg is hit by Fedor Tyutin and loses puck.
9:09 of 2nd period - Shot by Charlie Coyle.
9:09 of 2nd period - Shot Misses the Net.
9:40 of 2nd period - Shot by Derek MacKenzie.
9:40 of 2nd period - Shot Blocked by Gabriel Bourque.
10:19 of 2nd period - Icing by Brenden Dillon.
10:20 of 2nd period - Eric Staal wins face-off versus Nick Bjugstad in Sharks zone.
10:57 of 2nd period - Shot by Sam Reinhart.
10:57 of 2nd period - Deflect By Nick Bjugstad.
10:57 of 2nd period - Stopped by Steve Mason without a rebound.
10:58 of 2nd period - Mattias Janmark wins face-off versus Jonathan Toews in Kings zone.
11:04 of 2nd period - Icing by Evgeny Medvedev.
11:05 of 2nd period - Jonathan Toews wins face-off versus Mattias Janmark in Kings zone.
11:22 of 2nd period - Shot by Victor Rask.
11:22 of 2nd period - Shot Blocked by David Savard.
11:24 of 2nd period - Shot by Daniel Sedin.
11:24 of 2nd period - Shot Blocked by David Savard.
11:33 of 2nd period - Victor Rask is hit by David Savard.
12:18 of 2nd period - Icing by Niklas Kronwall.
12:19 of 2nd period - Mikael Granlund wins face-off versus Nick Bjugstad in Kings zone.
13:16 of 2nd period - Shot by J.T. Brown.
13:16 of 2nd period - Shot Misses the Net.
13:22 of 2nd period - Shot by Eric Staal.
13:22 of 2nd period - Stopped by Ryan Miller without a rebound.
13:23 of 2nd period - Jonathan Toews wins face-off versus Ryan Nugent-Hopkins in Sharks zone.
13:23 of 2nd period - Daniel Sedin is hit by Robert Bortuzzo and loses puck.
13:30 of 2nd period - Shot by Jonathan Toews.
13:30 of 2nd period - Stopped by Ryan Miller with a rebound.
13:32 of 2nd period - Shot by Jonathan Toews.
13:32 of 2nd period - Shot Misses the Net.
13:38 of 2nd period - Shot by Jonathan Toews.
13:38 of 2nd period - Stopped by Ryan Miller without a rebound.
13:39 of 2nd period - Charlie Coyle wins face-off versus Derek MacKenzie in Sharks zone.
13:39 of 2nd period - David Savard is hit by Nikita Soshnikov and loses puck.
14:04 of 2nd period - Shot by Henrik Zetterberg.
14:04 of 2nd period - Shot Hit the Post.
14:10 of 2nd period - Shot by Derek MacKenzie.
14:10 of 2nd period - Stopped by Ryan Miller without a rebound.
14:11 of 2nd period - Ryan Nugent-Hopkins wins face-off versus Jonathan Toews in Sharks zone.
14:31 of 2nd period - Shot by William Nylander.
14:31 of 2nd period - Stopped by Steve Mason with a rebound.
14:36 of 2nd period - Off-side.
14:37 of 2nd period - Eric Staal wins face-off versus Mattias Janmark in neutral zone.
15:05 of 2nd period - Minor Penalty to Nikolay Kulemin for Hooking.
15:06 of 2nd period - Derek MacKenzie wins face-off versus Andrew Shaw in Sharks zone.
15:57 of 2nd period - Shot by Eric Staal.
15:57 of 2nd period - Stopped by Ryan Miller with a rebound.
15:59 of 2nd period - Shot by Eric Staal.
15:59 of 2nd period - Shot Misses the Net.
16:11 of 2nd period - Shot by Colton Sceviour.
16:11 of 2nd period - Stopped by Ryan Miller without a rebound.
16:12 of 2nd period - Colton Sceviour wins face-off versus Dave Bolland in Sharks zone.
16:18 of 2nd period - Mikael Granlund is hit by Brenden Dillon and loses puck.
16:51 of 2nd period - Shot by Gabriel Bourque.
16:51 of 2nd period - Shot Misses the Net.
16:53 of 2nd period - Shot by Andrej Sustr.
16:53 of 2nd period - Shot Misses the Net.
17:23 of 2nd period - Icing by Evgeny Medvedev.
17:24 of 2nd period - Jonathan Toews wins face-off versus Mattias Janmark in Kings zone.
17:41 of 2nd period - Darren Dietz is hit by Fedor Tyutin and loses puck.
17:57 of 2nd period - Daniel Sedin is hit by Henrik Zetterberg and loses puck.
18:07 of 2nd period - Icing by Nikolay Kulemin.
18:08 of 2nd period - Mattias Janmark wins face-off versus Derek MacKenzie in Sharks zone.
18:08 of 2nd period - Mattias Janmark is hit by Nikita Soshnikov.
18:32 of 2nd period - Icing by Matt Niskanen.
18:33 of 2nd period - Derek MacKenzie wins face-off versus Nick Bjugstad in Kings zone.
19:29 of 2nd period - Shot by Mikael Granlund.
19:29 of 2nd period - Goal by Mikael Granlund - Kings : 3 - Sharks : 0.
19:30 of 2nd period - Jonathan Toews wins face-off versus Ryan Nugent-Hopkins in neutral zone.
19:30 of 2nd period - Victor Rask is hit by Gabriel Bourque and loses puck.
Goals for this period are 1 for Kings vs 0 for Sharks.
Shots for this period are 10 for Kings vs 9 for Sharks.

3rd period


0:01 of 3rd period - Mattias Janmark wins face-off versus Jonathan Toews in neutral zone.
0:18 of 3rd period - Dan Hamhuis is hit by Nikolay Kulemin and loses puck.
0:25 of 3rd period - David Savard is hit by Jonathan Toews and loses puck.
0:31 of 3rd period - Icing by Marc Staal.
0:32 of 3rd period - Mikael Granlund wins face-off versus Mattias Janmark in Sharks zone.
1:10 of 3rd period - Icing by Scott Hartnell.
1:11 of 3rd period - Ryan Nugent-Hopkins wins face-off versus Mikael Granlund in Kings zone.
1:45 of 3rd period - Shot by William Nylander.
1:45 of 3rd period - Deflect By Ryan Nugent-Hopkins.
1:45 of 3rd period - Stopped by Steve Mason without a rebound.
1:46 of 3rd period - Victor Rask wins face-off versus Andrew Shaw in Kings zone.
2:14 of 3rd period - Shot by Andrew Shaw.
2:14 of 3rd period - Shot Blocked by Niklas Kronwall.
2:22 of 3rd period - Shot by Jonathan Toews.
2:22 of 3rd period - Shot Blocked by Nick Bjugstad.
2:24 of 3rd period - Shot by Jonathan Toews.
2:24 of 3rd period - Shot Misses the Net.
2:26 of 3rd period - Shot by Jonathan Toews.
2:26 of 3rd period - Stopped by Ryan Miller without a rebound.
2:27 of 3rd period - J.T. Brown wins face-off versus Mattias Janmark in Sharks zone.
2:43 of 3rd period - Minor Penalty to J.T. Brown for Hooking.
2:44 of 3rd period - Ryan Nugent-Hopkins wins face-off versus Victor Rask in Kings zone.
2:49 of 3rd period - Shot by Nikolay Kulemin.
2:49 of 3rd period - Shot Blocked by Dan Hamhuis.
3:24 of 3rd period - Icing by Nikolay Kulemin.
3:25 of 3rd period - Victor Rask wins face-off versus Ryan Nugent-Hopkins in Sharks zone.
3:48 of 3rd period - Shot by Sam Reinhart.
3:48 of 3rd period - Shot Misses the Net.
3:50 of 3rd period - Shot by Andrew Shaw.
3:50 of 3rd period - Deflect By Sam Reinhart.
3:50 of 3rd period - Stopped by Steve Mason with a rebound.
3:52 of 3rd period - Shot by Andrej Sustr.
3:52 of 3rd period - Shot Misses the Net.
3:54 of 3rd period - Shot by Brenden Dillon.
3:54 of 3rd period - Shot Misses the Net.
3:56 of 3rd period - Shot by Sam Reinhart.
3:56 of 3rd period - Goal by Sam Reinhart - Kings : 3 - Sharks : 1.
3:57 of 3rd period - Mikael Granlund wins face-off versus Nick Bjugstad in neutral zone.
4:05 of 3rd period - Icing by Robert Bortuzzo.
4:06 of 3rd period - Nick Bjugstad wins face-off versus Mikael Granlund in Sharks zone.
4:06 of 3rd period - Nick Bjugstad is hit by Chris Kunitz.
4:18 of 3rd period - Shot by Chris Kunitz.
4:18 of 3rd period - Stopped by Ryan Miller with a rebound.
4:42 of 3rd period - Icing by Dan Hamhuis.
4:43 of 3rd period - Mattias Janmark wins face-off versus Mikael Granlund in Kings zone.
4:58 of 3rd period - Shot by Scott Hartnell.
4:58 of 3rd period - Deflect By Chris Kunitz.
4:58 of 3rd period - Stopped by Ryan Miller without a rebound.
4:59 of 3rd period - Ryan Nugent-Hopkins wins face-off versus Eric Staal in Sharks zone.
5:10 of 3rd period - Icing by Evgeny Medvedev.
5:11 of 3rd period - Mattias Janmark wins face-off versus Eric Staal in Kings zone.
5:11 of 3rd period - Mattias Janmark is hit by Fedor Tyutin.
5:25 of 3rd period - Shot by Eric Staal.
5:25 of 3rd period - Deflect By Colton Sceviour.
5:25 of 3rd period - Shot Misses the Net.
5:27 of 3rd period - Shot by J.T. Brown.
5:27 of 3rd period - Stopped by Ryan Miller without a rebound.
5:28 of 3rd period - Victor Rask wins face-off versus Ryan Nugent-Hopkins in Sharks zone.
5:38 of 3rd period - Icing by Andrej Sustr.
5:39 of 3rd period - Ryan Nugent-Hopkins wins face-off versus Eric Staal in Sharks zone.
5:39 of 3rd period - Ryan Nugent-Hopkins is hit by Eric Staal.
5:52 of 3rd period - Minor Penalty to Eric Staal for Holding.
5:53 of 3rd period - Ryan Nugent-Hopkins wins face-off versus Victor Rask in Kings zone.
5:56 of 3rd period - Shot by Henrik Zetterberg.
5:56 of 3rd period - Shot Misses the Net.
7:17 of 3rd period - Shot by Sam Reinhart.
7:17 of 3rd period - Stopped by Steve Mason with a rebound.
7:19 of 3rd period - Shot by Andrew Shaw.
7:19 of 3rd period - Stopped by Steve Mason without a rebound.
7:20 of 3rd period - Ryan Nugent-Hopkins wins face-off versus Victor Rask in Kings zone.
7:41 of 3rd period - Shot by Marc Staal.
7:41 of 3rd period - Stopped by Steve Mason without a rebound.
7:42 of 3rd period - Derek MacKenzie wins face-off versus Andrew Shaw in Kings zone.
8:05 of 3rd period - Shot by Charlie Coyle.
8:05 of 3rd period - Stopped by Steve Mason without a rebound.
8:06 of 3rd period - Nick Bjugstad wins face-off versus Oscar Lindberg in Kings zone.
8:14 of 3rd period - Sam Reinhart is hit by Alexei Emelin and loses puck.
8:18 of 3rd period - Icing by Matt Niskanen.
8:19 of 3rd period - Ryan Nugent-Hopkins wins face-off versus Nikita Soshnikov in Kings zone.
8:20 of 3rd period - Shot by William Nylander.
8:20 of 3rd period - Shot Misses the Net.
9:55 of 3rd period - Shot by Victor Rask.
9:55 of 3rd period - Stopped by Ryan Miller with a rebound.
9:57 of 3rd period - Shot by Dan Hamhuis.
9:57 of 3rd period - Shot Blocked by Andrej Sustr.
9:59 of 3rd period - Shot by Jonathan Toews.
9:59 of 3rd period - Shot Misses the Net.
10:09 of 3rd period - Mikael Granlund is hit by Henrik Zetterberg and loses puck.
10:30 of 3rd period - Shot by Henrik Zetterberg.
10:30 of 3rd period - Stopped by Steve Mason without a rebound.
10:31 of 3rd period - Eric Staal wins face-off versus Andrew Shaw in Kings zone.
10:40 of 3rd period - Shot by J.T. Brown.
10:40 of 3rd period - Shot Misses the Net.
10:42 of 3rd period - Shot by Matt Niskanen.
10:42 of 3rd period - Shot Misses the Net.
10:44 of 3rd period - Shot by Alexei Emelin.
10:44 of 3rd period - Goal by Alexei Emelin - Kings : 4 - Sharks : 1.
10:45 of 3rd period - Nick Bjugstad wins face-off versus Scott Hartnell in neutral zone.
10:48 of 3rd period - Shot by Sam Reinhart.
10:48 of 3rd period - Stopped by Steve Mason without a rebound.
10:49 of 3rd period - Jonathan Toews wins face-off versus Nick Bjugstad in Kings zone.
10:58 of 3rd period - Shot by Daniel Sedin.
10:58 of 3rd period - Stopped by Ryan Miller without a rebound.
10:59 of 3rd period - Jonathan Toews wins face-off versus Henrik Zetterberg in Sharks zone.
11:41 of 3rd period - Dan Hamhuis is hit by Brenden Dillon and loses puck.
12:23 of 3rd period - Mattias Janmark is hit by Colton Sceviour and loses puck.
12:28 of 3rd period - Shot by J.T. Brown.
12:28 of 3rd period - Shot Misses the Net.
12:30 of 3rd period - Shot by Alexei Emelin.
12:30 of 3rd period - Shot Misses the Net.
13:21 of 3rd period - Icing by Fedor Tyutin.
13:22 of 3rd period - Mikael Granlund wins face-off versus Sam Reinhart in Kings zone.
14:25 of 3rd period - Shot by Victor Rask.
14:25 of 3rd period - Shot Misses the Net.
14:40 of 3rd period - Gabriel Bourque is hit by Colton Sceviour.
15:02 of 3rd period - Shot by Colton Sceviour.
15:02 of 3rd period - Shot Misses the Net.
15:40 of 3rd period - Shot by Chris Kunitz.
15:40 of 3rd period - Stopped by Ryan Miller without a rebound.
15:41 of 3rd period - Ryan Nugent-Hopkins wins face-off versus Derek MacKenzie in Sharks zone.
16:02 of 3rd period - Shot by Ryan Nugent-Hopkins.
16:02 of 3rd period - Stopped by Steve Mason without a rebound.
16:03 of 3rd period - Jonathan Toews wins face-off versus Charlie Coyle in Kings zone.
16:22 of 3rd period - Shot by Victor Rask.
16:22 of 3rd period - Shot Misses the Net.
16:24 of 3rd period - Shot by Jonathan Toews.
16:24 of 3rd period - Stopped by Ryan Miller without a rebound.
16:25 of 3rd period - Mikael Granlund wins face-off versus William Nylander in Sharks zone.
16:38 of 3rd period - Shot by Gabriel Bourque.
16:38 of 3rd period - Stopped by Steve Mason without a rebound.
16:39 of 3rd period - Jonathan Toews wins face-off versus Nick Bjugstad in Kings zone.
18:42 of 3rd period - Shot by J.T. Brown.
18:42 of 3rd period - Shot Misses the Net.
18:44 of 3rd period - Shot by Colton Sceviour.
18:44 of 3rd period - Stopped by Ryan Miller with a rebound.
18:46 of 3rd period - Shot by Eric Staal.
18:46 of 3rd period - Stopped by Ryan Miller with a rebound.
18:51 of 3rd period - Colton Sceviour is hit by Marc Staal and loses puck.
18:57 of 3rd period - J.T. Brown is hit by David Savard and loses puck.
19:10 of 3rd period - Shot by William Nylander.
19:10 of 3rd period - Stopped by Steve Mason without a rebound.
19:11 of 3rd period - Jonathan Toews wins face-off versus Charlie Coyle in Kings zone.
19:24 of 3rd period - Shot by Jonathan Toews.
19:24 of 3rd period - Shot Blocked by Robert Bortuzzo.
Goals for this period are 1 for Kings vs 1 for Sharks.
Shots for this period are 11 for Kings vs 12 for Sharks.